Map: Odyssey LE

Players

Majestic - Winner!

  • Race: Protoss Protoss
  • Spawn Location: 11:00

Veryn

  • Race: Protoss Protoss
  • Spawn Location: 5:00

Event: WCS Valencia 2017

VOD

Have the link to the VOD?

Description

Time

  • Played on: July 13, 2017, 6:34 a.m.
  • Length: 5:11

All games in this series

Show
View Real Time Build Order
Export as new Build Order

Majestic Protoss - Winner!

Build Orders:  

Get SALT Encoding   

  12  0:00  Probe (Chrono Boost)  
  13  0:11  Probe (Chrono Boost)  
  14  0:18  Pylon  
  14  0:22  Probe (Chrono Boost)  
  15  0:36  Probe (Chrono Boost)  
  15  0:37  Gateway  
  16  0:43  Assimilator  
  16  0:47  Probe (Chrono Boost)  
  17  0:57  Probe (Chrono Boost)  
  17  1:00  Assimilator  
  18  1:08  Probe (Chrono Boost)  
  19  1:12  Gateway  
  20  1:18  Probe (Chrono Boost)  
  20  1:24  Cybernetics Core  
  20  1:29  Probe (Chrono Boost)  
  21  1:32  Pylon  
  21  1:39  Probe (Chrono Boost)  
  22  1:50  Probe (Chrono Boost)  
  27  2:01  Stalker (Chrono Boost)  
  27  2:02  Warp Gate (Chrono Boost)  
  27  2:04  Stalker (Chrono Boost)  
  27  2:09  Mothership Core  
  29  2:16  Pylon  
  29  2:33  Stalker (Chrono Boost)  
  29  2:34  Stalker (Chrono Boost)  
  33  2:50  Pylon  
  33  2:58  Robotics Facility  
  33  3:02  Stalker  
  35  3:07  Stalker  
  37  3:16  Gateway  
  35  3:42  Probe  
  35  3:45  Observer  
  37  3:50  Pylon  
  37  3:58  Stalker x2  
  41  4:14  Stalker  
  43  4:21  Adept x2  
  47  4:25  Pylon  
  47  4:37  Stalker  
  49  4:42  Stalker x2  
  51  5:02  Stalker x2  
  53  5:09  Stalker  
Show
View Real Time Build Order
Export as new Build Order

Veryn Protoss 

Build Orders:  

Get SALT Encoding   

  12  0:00  Probe (Chrono Boost)  
  13  0:11  Probe (Chrono Boost)  
  14  0:17  Pylon  
  14  0:22  Probe (Chrono Boost)  
  16  0:35  Probe (Chrono Boost)  
  16  0:37  Gateway  
  16  0:45  Assimilator  
  16  0:46  Probe (Chrono Boost)  
  17  0:56  Probe (Chrono Boost), Assimilator  
  18  1:07  Probe (Chrono Boost)  
  18  1:09  Gateway  
  19  1:17  Probe (Chrono Boost)  
  20  1:24  Cybernetics Core  
  20  1:28  Probe (Chrono Boost)  
  21  1:38  Probe (Chrono Boost)  
  22  1:49  Probe (Chrono Boost)  
  23  2:06  Pylon  
  23  2:07  Warp Gate (Chrono Boost)  
  23  2:18  Pylon  
  23  2:24  Stalker x2, Mothership Core (Chrono Boost)  
  29  2:44  Nexus  
  29  2:55  Stalker  
  29  2:57  Stalker  
  33  3:04  Probe (Chrono Boost)  
  34  3:15  Probe (Chrono Boost), Pylon  
  33  3:38  Twilight Council  
  33  3:42  Probe  
  33  3:44  Robotics Facility  
  34  3:55  Probe (Chrono Boost)  
  35  4:02  Probe (Chrono Boost)  
  36  4:06  Probe (Chrono Boost), Sentry x2  
  41  4:13  Probe (Chrono Boost)  
  41  4:17  Probe (Chrono Boost)  
  43  4:20  Pylon  
  43  4:23  Probe (Chrono Boost)  
  44  4:27  Probe (Chrono Boost)  
  45  4:32  Stalker x2  
  49  4:56  Pylon  
Tags
 
Add a new tag
Caveats
  • Supply blocks, unpowered buildings, or Contaminate may cause inaccurate times.
  • Supply counts are checked every 10 seconds.